 Dungeon Crawl Stone Soup version 0.29.1-12-g30fa7ad0bf (webtiles) character file.

Game seed: 8035929157384777158

5178 booth the Cleaver (level 10, -12/74 HPs)
             Began as a Demonspawn Gladiator on Dec 31, 2022.
             Was a Follower of Uskayaw.
             Mangled by a gnoll sergeant
             ... wielding the +9 mace of the Slimy God {elec, rC++ Will- Int+6}
              (14 damage)
             ... in a bailey on Jan 2, 2023.
             The game lasted 01:14:01 (10219 turns).

booth the Cleaver (Demonspawn Gladiator)           Turns: 10219, Time: 01:14:02

Health: -12/74     AC: 10    Str: 26    XL:     10   Next: 34%
Magic:  9/12       EV: 14    Int:  7    God:    Uskayaw [*.....]
Gold:   496        SH:  4    Dex: 16    Spells: 9/9 levels left

rFire   . . .      SeeInvis .   a - +1 war axe (protect)
rCold   . . .      Faith    .   (no shield)
rNeg    + + +      Spirit   .   p - +2 leather armour of the Slightly Bent {rN+++}
rPois   .          Reflect  .   (helmet restricted)
rElec   .          Harm     .   (no cloak)
rCorr   +          Rampage  .   C - +0 pair of gloves
Will    +....                   (no boots)
Stlth   ++........              (no amulet)
HPRegen 0.22/turn               h - ring of willpower
MPRegen 0.13/turn               I - ring of Divine Compulsion {+Blink Str+6 Int-2 Dex+2}

@: weakened
A: yellow scales 3, spiny 1, condensation shield, weakness stinger 1, horns 1,
noise suppression
a: Renounce Religion, Evoke Blink, Stomp


You were in a bailey.
You worshipped Uskayaw.
Uskayaw was noncommittal.
You visited 1 branch of the dungeon, and saw 9 of its levels.
You also visited: Bailey.

You collected 496 gold pieces.

Inventory:

Hand Weapons
 a - a +1 war axe of protection (weapon)
 f - a +0 mace
 H - a +1 flail of draining
Missiles
 d - 5 throwing nets (quivered)
 e - a javelin
 w - 17 poisoned darts
 y - 4 boomerangs
Armour
 n - a +0 ring mail
 p - the +2 leather armour of the Slightly Bent (worn) {rN+++}
   (You found it on level 2 of the Dungeon)

   rN:        It renders you almost immune to negative energy.
 C - a +0 pair of gloves (worn)
 D - the +1 ring mail of Siesenad {rF+ Dex+2}
   (You found it on level 5 of the Dungeon)

   Dex:       It affects your dexterity (+2).
   rF:        It protects you from fire.
Jewellery
 h - a ring of willpower (left hand)
 j - a ring of willpower
 m - a +4 ring of protection
 s - an amulet of faith
 u - a +4 ring of evasion
 z - a ring of magical power
 I - the ring of Divine Compulsion (right hand) {+Blink Str+6 Int-2 Dex+2}
   (You took it off a centaur on level 7 of the Dungeon)

   [ring of strength]

   Str:       It affects your strength (+6).
   Int:       It affects your intelligence (-2).
   Dex:       It affects your dexterity (+2).
   +Blink:    It lets you blink.
Wands
 b - a wand of iceblast (16)
 c - a wand of flame (6)
 k - a wand of quicksilver (9)
Scrolls
 l - 4 scrolls of blinking
 q - 7 scrolls of teleportation
 r - 2 scrolls of fear
 t - a scroll of amnesia
 x - a scroll of poison
 F - 3 scrolls of vulnerability
Potions
 g - 2 potions of flight
 o - 3 potions of attraction
 A - a potion of curing
 E - 2 potions of cancellation
 G - 3 potions of magic
 J - a potion of lignification


   Skills:
 - Level 5.1 Fighting
 * Level 10.8 Axes
 - Level 2.3 Throwing
 + Level 4.1 Armour
 - Level 5.0 Dodging
 - Level 4.1 Stealth
 - Level 1.1 Shields
 * Level 3.1 Invocations
 * Level 2.4 Evocations


You had 9 spell levels left.
You didn't know any spells.
Your spell library contained the following spells:

 Spells                   Type           Power      Damage    Failure   Level
 Beastly Appendage        Tmut           0%         N/A       45%         1
 Poisonous Vapours        Pois/Air       0%         N/A       61%         2
 Wereblood                Tmut           0%         N/A       61%         2
 Ozocubu's Armour         Ice            0%         N/A       83%         3
 Spider Form              Tmut/Pois      0%         N/A       83%         3
 Corpse Rot               Necr/Pois/Air  0%         N/A       99%         4
 Ozocubu's Refrigeration  Ice            0%         4d7       100%        7


Dungeon Overview and Level Annotations

Branches:
Dungeon (9/15)             Temple (0/1) D:6          Bailey (1/1)
   Lair: D:8-11         Orc: D:9-12

Altars:
Cheibriados
Dithmenos
Qazlal
Trog
Uskayaw
Vehumet
Xom


Innate Abilities, Weirdness & Mutations

You are completely covered in yellow scales. (AC +4, rCorr)
You are partially covered in sharp spines.
A meltable shield of frost defends you. (SH +4)
You have a small tail.
You have a pair of small horns on your head.
You passively dampen the noise of your surroundings.


Message History

Press: ? - help, Q - select action, (/) - cycle Shift-Dir - straight line, f - gnoll bouda
Aim: a gnoll bouda, wielding a +4 halberd and wearing a +0 ring mail (wandering, hasn't noticed you)
The mass of ice explodes!
The iceblast engulfs the gnoll bouda.
The gnoll bouda is lightly wounded.
The gnoll bouda gazes fiercely through you!
You feel your attacks grow feeble.
The gnoll bouda gazes fiercely through you!
You feel as though you will be weak longer.
Items here: )) [[ ÷.
The gnoll bouda barks out a call to the hunt!
The gnolls pick up the pace!
There is an open gate here.
Things that are here:
a +0 trident; a +0 ring mail; a gnoll skeleton The gnoll bouda gazes fiercely through you!
You feel as though you will be weak longer.
The gnoll bouda hits you from afar with a +4 halberd.
The gnoll bouda barks out a call to the hunt!
Aiming: Iceblast
Press: ? - help, Q - select action, (/) - cycle Shift-Dir - straight line, f/p - gnoll bouda
Aim: a gnoll bouda, wielding a +4 halberd and wearing a +0 ring mail (lightly wounded, covering ground quickly)
The mass of ice explodes!
The iceblast engulfs the gnoll bouda!
The gnoll bouda is severely wounded.
The iceblast engulfs the gnoll sergeant!
The gnoll sergeant partially resists.
The gnoll sergeant is heavily wounded.
You block the gnoll bouda's attack.
The gnoll sergeant is struck by your spines.
The gnoll sergeant hits you with the +9 mace of the Slimy God {elec, rC++ Will- Int+6}!
* * * LOW HITPOINT WARNING * * *
You are electrocuted!
* * * LOW HITPOINT WARNING * * *
You can now pass through a line of other dancers.
You stomp with the beat, sending a shockwave through the revellers around you!
The gnoll bouda is almost dead.
The gnoll sergeant is severely wounded.
You can no longer pass through a line of other dancers.
The gnoll bouda misses you.
The gnoll sergeant hits you with the +9 mace of the Slimy God {elec, rC++ Will- Int+6}!
You die...

### ♣∩♣ ♣.♣ ♣♣)♣♣
♣♣♣♣.).♣♣
♣♣.......♣♣♣♣
♣♣♣...........♣♣♣
♣♣......(@.......♣♣
♣♣≈≈≈≈≈≈≈.gg≈≈≈≈≈≈≈♣♣
♣≈≈........)......≈≈♣
♣≈........g).......≈♣
♣≈.######'))######.≈♣
♣≈.# #.).# #.≈♣ ♣≈##
#...# ##≈♣ ♣≈ #.)[#
≈♣ ♣≈ ##'## ≈♣


You could see a gnoll sergeant (swift) and 2 gnoll boudas.

Vanquished Creatures
  A two-headed ogre (D:8)
  A troll (D:9)
  Sigmund (D:3)
  2 wyverns (D:7)
  3 steam dragons
  A sky beast (D:7)
  An orc warrior (D:7)
  2 black bears (D:8)
  An ice beast (D:7)
  2 ogres
  A wolf (Bailey)
  A centaur (D:7)
  2 phantoms (D:5)
  2 kobold brigands (D:9)
  5 gnoll sergeants (Bailey)
  4 scorpions
  2 necrophages
  3 wights (D:6)
  5 killer bees (D:8)
  9 howler monkeys
  5 hounds
  2 jellies
  6 orc priests
  Crazy Yiuf (D:5)
  3 gnoll boudas
  8 iguanas
  5 adders
  25 gnolls
  A white imp (D:8)
  An ufetubus (D:7)
  A dart slug (D:5)
  22 orcs
  6 endoplasms
  2 giant cockroaches
  14 goblins
  2 hobgoblins
  4 jackals (D:3)
  16 kobolds
  4 quokkas
  12 ball pythons
  6 bats
  5 frilled lizards
  A quokka zombie (D:7)
  3 rats
  A rat zombie (D:7)
205 creatures vanquished.

Vanquished Creatures (others)
  A quokka (D:9)
1 creature vanquished.

Grand Total: 206 creatures vanquished

Notes
Turn   | Place    | Note
-------+----------+-------------------------------------------
     0 | D:1      | booth the Demonspawn Gladiator began the quest for the Orb.
     0 | D:1      | Reached XP level 1. HP: 16/16 MP: 1/1
   302 | D:1      | Gained mutation: You have a small tail. [demonic ancestry]
   302 | D:1      | Reached XP level 2. HP: 22/22 MP: 2/2
   599 | D:1      | Reached skill level 3 in Axes
  1340 | D:2      | Reached XP level 3. HP: 27/27 MP: 3/3
  1457 | D:2      | Reached skill level 1 in Armour
  1532 | D:2      | Identified the +2 leather armour of the Slightly Bent
                  | {rN+++}
  1954 | D:2      | Found a faded altar of an unknown god.
  1994 | D:2      | Prayed at the altar of an unknown god.
  1994 | D:2      | Became a worshipper of Uskayaw the Reveller
  1994 | D:2      | Reached * piety under Uskayaw
  2189 | D:3      | Noticed Sigmund
  2196 | D:3      | Reached ** piety under Uskayaw
  2199 | D:3      | Killed Sigmund
  2200 | D:3      | Reached skill level 4 in Axes
  2200 | D:3      | Gained mutation: You are partially covered in sharp spines.
                  | [demonic ancestry]
  2200 | D:3      | Reached XP level 4. HP: 8/34 MP: 0/4
  2200 | D:3      | Gained mutation: You are partially covered in yellow
                  | scales. (AC +2) [demonic ancestry]
  2200 | D:3      | Reached XP level 5. HP: 10/40 MP: 0/5
  2200 | D:3      | Reached *** piety under Uskayaw
  2203 | D:3      | HP: 2/40 [poisoned by Sigmund]
  3030 | D:3      | Gained mutation: You passively dampen the noise of your
                  | surroundings. [potion of mutation]
  3030 | D:3      | Gained mutation: You have a pair of small horns on your
                  | head. [potion of mutation]
  3654 | D:4      | Reached XP level 6. HP: 47/47 MP: 6/6
  4036 | D:5      | Entered Level 5 of the Dungeon
  4036 | D:5      | You fall into a shaft and drop 2 floors!
  4080 | D:6      | Found a radiant altar of Vehumet.
  4200 | D:6      | Reached skill level 5 in Axes
  4200 | D:6      | Reached skill level 1 in Stealth
  4376 | D:6      | Noticed a steam dragon
  4386 | D:6      | Reached XP level 7. HP: 49/52 MP: 7/7
  4388 | D:6      | Reached **** piety under Uskayaw
  4391 | D:6      | Killed a steam dragon
  5020 | D:5      | Reached skill level 6 in Axes
  5036 | D:5      | Gained mutation: A meltable shield of frost defends you.
                  | (SH +4) [demonic ancestry]
  5036 | D:5      | Reached XP level 8. HP: 58/60 MP: 8/8
  5068 | D:5      | Found a stormy altar of Qazlal.
  5530 | D:5      | Identified the +1 ring mail of Siesenad {rF+ Dex+2}
  5663 | D:5      | Found a runed translucent door.
  5664 | D:5      | Noticed Crazy Yiuf
  5668 | D:5      | Killed Crazy Yiuf
  5816 | D:6      | Reached skill level 7 in Axes
  5878 | D:6      | Found a staircase to the Ecumenical Temple.
  6573 | D:7      | Reached skill level 8 in Axes
  6575 | D:7      | Gained mutation: You are mostly covered in yellow scales.
                  | (AC +3) [demonic ancestry]
  6575 | D:7      | Reached XP level 9. HP: 38/66 MP: 9/9
  6592 | D:7      | Reached ***** piety under Uskayaw
  7093 | D:7      | Identified the ring of Divine Compulsion {+Blink Str+6
                  | Int-2 Dex+2}
  7246 | D:7      | Reached skill level 9 in Axes
  7504 | D:7      | Reached skill level 1 in Shields
  8092 | D:8      | Found a snail-covered altar of Cheibriados.
  8094 | D:8      | Found a shimmering altar of Xom.
  8193 | D:8      | Found a bloodstained altar of Trog.
  8195 | D:8      | Found a shadowy altar of Dithmenos.
  8601 | D:8      | Reached skill level 5 in Dodging
  8638 | D:8      | Reached skill level 5 in Fighting
  9053 | D:8      | Noticed a two-headed ogre
  9073 | D:8      | Killed a two-headed ogre
  9074 | D:8      | Reached skill level 10 in Axes
  9074 | D:8      | Reached skill level 1 in Invocations
  9074 | D:8      | Reached skill level 1 in Evocations
  9074 | D:8      | Gained mutation: You are completely covered in yellow
                  | scales. (AC +4, rCorr) [demonic ancestry]
  9074 | D:8      | Reached XP level 10. HP: 58/74 MP: 9/11
  9675 | D:9      | Found a flagged portal.
  9682 | Bailey   | Entered a bailey
 10209 | Bailey   | Identified the +9 mace of the Slimy God {elec, rC++ Will-
                  | Int+6}
 10218 | Bailey   | HP: 2/74 [gnoll sergeant/the +9 mace of the Slimy God
                  | {elec, rC++ Will- Int+6} (11)]
 10219 | Bailey   | Mangled by a gnoll sergeant

Illustrated notes

Levels and vault maps discovered:
D:1:      minmay_arrival_plants_in_alcoves, layout_loops_ring
D:2:      layout_basic, shapermc_ecumenical_altar_mp_highgroup
D:3:      layout_basic, uniq_sigmund
D:4:      layout_gridville
D:5:      layout_loops_cross, mainiacjoe_overflow_concentric_impassable,
          uniq_crazy_yiuf_cottage
D:6:      layout_layer_cave, vehumet_crystals, minmay_temple_entry_slanted
D:7:      layout_gridville, enter_ossuary_4, roderic_st_hans_cross
D:8:      layout_gridville, tso_altar, nicolae_overflow_hidden_temple,
          chequers_temple_overflow_statue_of_worship
D:9:      layout_rooms, elyvilon_altar_4, enter_bailey_3
Bailey:   bailey_polearm_gnolls_kennysheep, bailey

Skill      XL: |  1  2  3  4  5  6  7  8  9 10 |
---------------+-------------------------------+-----
Dodging        | 3 4 5 |  5.0
Axes           | 3 4 5 6 8 10 | 10.8
Throwing       | 2 |  2.3
Armour         | 2 3 4 |  4.1
Fighting       | 3 4 5 |  5.1
Stealth        | 1 2 3 4 |  4.1
Shields        | 1 |  1.1
Invocations    | 1 3 |  3.1
Evocations     | 1 2 |  2.4

Action                   |  1- 3 |  4- 6 |  7- 9 | 10-12 || total
-------------------------+-------+-------+-------+-------++-------
Melee: War axe           |   132 |    75 |   193 |    76 ||   476
       Tailslap          |     9 |    15 |    27 |     8 ||    59
       Headbutt          |       |    10 |    38 |    19 ||    67
       Punch             |       |     1 |     2 |     1 ||     4
Throw: Dart              |       |     2 |    11 |       ||    13
       Javelin           |       |       |     2 |     1 ||     3
Invok: Stomp             |     1 |       |     4 |     3 ||     8
       Line Pass         |       |       |     2 |       ||     2
 Abil: Evoke Blink       |       |       |     1 |       ||     1
Evoke: Wand              |       |       |     1 |     4 ||     5
  Use: Scroll            |     8 |       |     9 |       ||    17
       Potion            |     2 |     5 |     1 |     2 ||    10
 Stab: Paralysed         |       |     2 |     9 |     5 ||    16
       Sleeping          |       |       |     1 |       ||     1
       Confused          |       |       |     1 |       ||     1
Armor: Leather armour    |    42 |    26 |    64 |    41 ||   173
Dodge: Dodged            |   107 |    40 |   132 |    74 ||   353
Block: Other             |       |       |    36 |    27 ||    63
